 Dungeon Crawl Stone Soup version 0.29.1-1-gd02db6906a (webtiles) character file.

Game seed: 11994332146801825719

1041 RascalDebosk the Trooper (level 8, 60/60 HPs)
             Began as a Djinni Berserker on Oct 9, 2022.
             Was a Believer of Trog.
             Quit the game in the Ecumenical Temple.
             The game lasted 00:23:29 (4408 turns).

RascalDebosk the Trooper (Djinni Berserker)         Turns: 4408, Time: 00:23:30

Health: 60/60      AC: 13    Str: 18    XL:     8   Next: 49%
Gold:   354        EV:  7    Int: 10    God:    Trog [**....] SH:  8 Dex: 12

rFire   + + .      SeeInvis .   d - +0 long sword
rCold   x . .      Faith    .   l - +0 buckler
rNeg    . . .      Spirit   .   n - +0 chain mail
rPois   ∞          Reflect  +   (no helmet)
rElec   .          Harm     .   s - +0 cloak
rCorr   .          Rampage  .   h - +1 pair of gloves
Will    .....                   (boots unavailable)
Stlth   ..........              q - amulet of reflection
HPRegen 0.20/turn               (no ring)
MPRegen 0.00/turn               (no ring)

@: flying
A: sickness immunity, fire resistance 2, cold vulnerability 1, float, innate
caster, HP casting, extra vitality 1
a: Renounce Religion, Berserk, Trog's Hand


You were in the Ecumenical Temple.
You worshipped Trog.
Trog was pleased with you.
You visited 2 branches of the dungeon, and saw 5 of its levels.

You collected 354 gold pieces.

Inventory:

Hand Weapons
 a - a +0 falchion
 d - a +0 long sword (weapon)
Missiles
 o - 8 poisoned darts (quivered)
 p - a throwing net {@!f}
Armour
 h - a +1 pair of gloves (worn)
 l - a +0 buckler (worn)
 n - a +0 chain mail (worn)
 s - a +0 cloak (worn)
Jewellery
 q - an amulet of reflection (around neck)
 x - a +4 ring of evasion
 y - a ring of ice
Wands
 z - a wand of flame (23)
Scrolls
 c - a scroll of immolation
 g - a scroll of blinking
 i - a scroll of identify
 t - 2 scrolls of teleportation
 v - 3 scrolls of fear
 w - a scroll of enchant weapon {unknown}
Potions
 b - 2 potions of magic {unknown}
 e - 3 potions of mutation
 f - a potion of brilliance {unknown}
 j - a potion of attraction {unknown}
 k - a potion of curing {unknown}
 m - 2 potions of degeneration {unknown}
 r - a potion of berserk rage {unknown}
 u - a potion of cancellation {unknown}
 A - a potion of ambrosia {unknown}
 B - 2 potions of might {unknown}


   Skills:
 + Level 5.5 Fighting
 + Level 5.0 Long Blades
 + Level 3.6 Throwing
 + Level 5.0 Armour
 - Level 2.1 Dodging


You had one spell level left.
You knew the following spells:

 Your Spells              Type           Power      Damage    Failure   Level
a - Freeze                Ice            0%         1d3       99%         1
b - Poisonous Vapours     Pois/Air       0%         N/A       100%        2
c - Swiftness             Air            0%         N/A       100%        3
Your spell library was empty.


Dungeon Overview and Level Annotations

Branches:
Dungeon (4/15)             Temple (1/1) D:4

Altars:
Ashenzari
Cheibriados
Dithmenos
Elyvilon
Fedhas
Gozag
Hepliaklqana
Nemelex Xobeh
Okawaru
Qazlal
Uskayaw
Wu Jian
Xom
Yredelemnul
The Shining One

Shops:
D:1 :


Innate Abilities, Weirdness & Mutations

You are immune to sickness and miasma.
You are immune to poison.
Your flesh is very heat resistant. (rF++)
You are vulnerable to cold. (rC-)
You float through the air rather than walking.
You learn spells naturally, not from books.
Your magical power is your life essence.
You have superior vitality. (+4 MHP)


Message History

Your Armour skill increases to level 5!
You slice the endoplasm!!
You kill the endoplasm!
Trog accepts your kill.
There is an open door here.
Things that are here:
a +0 club; a goblin corpse; a quokka corpse You barely miss the orc.
You closely miss the orc. You block the orc's attack.
The orc closely misses you.
You slash the orc!
You kill the orc!
Trog accepts your kill.
You closely miss the orc. You closely miss the orc.
You are no longer berserk.
You are exhausted.
You feel yourself slow down. The orc hits you but does no damage.
You hit the orc.
The orc is moderately wounded.
The endoplasm freezes you.
You are frozen.
You feel a terrible chill! You block the orc's attack.
You block the endoplasm's attack. You block the orc's attack.
You slash the orc!
You kill the orc!
Trog accepts your kill. The endoplasm freezes you.
You are frozen.
You feel a terrible chill! The endoplasm barely misses you.
You hit the endoplasm.
The endoplasm is lightly wounded.
The endoplasm barely misses you. x2
You hit the endoplasm.
The endoplasm is almost dead.
The endoplasm closely misses you.
You hit the endoplasm.
You kill the endoplasm!
Trog accepts your kill. You block the orc's attack.
You barely miss the orc. The orc closely misses you.
You block the orc's attack.
You barely miss the orc. You block the orc's attack.
The orc closely misses you.
You hit the orc but do no damage. The orc hits you but does no damage.
The orc barely misses you.
You hit the orc.
The orc is lightly wounded.
You block the orc's attack. The orc hits you but does no damage.
You hit the orc.
The orc is almost dead.
The orc barely misses you.
You slash the orc!
You kill the orc!
Trog accepts your kill.
Things that are here:
a +0 falchion; a +0 leather armour
Things that are here:
a +0 club; a +0 falchion; an orc corpse
i - a scroll of identify;
B - 2 yellow potions You feel yourself speed up.
You now have 354 gold pieces (gained 14).
You recover from your berserk rage.
Things that are here:
a +0 club; a +0 falchion; an orc corpse
There is an open door here.
Things that are here:
a +0 club; a goblin corpse; a quokka corpse
Things that are here:
a +0 hand axe; a +0 scale mail; a +2 whip of venom You see here a +0 dagger.
Done exploring.
Cast which spell? (? or * to list)
You don't know that spell.
There is a staircase to the Ecumenical Temple here.
You fly downwards.
Welcome to the Ecumenical Temple!
Found an opulent altar of Gozag.
There is a staircase back to the Dungeon here.
Found a shadowy altar of Dithmenos.
Found a shimmering altar of Xom.
Found a stormy altar of Qazlal.
Found a hide-covered altar of Uskayaw.
Found a basalt altar of Yredelemnul.
Found a glowing golden altar of the Shining One.
Found an iron altar of Okawaru.
Found a white marble altar of Elyvilon.
Found a hazy altar of Hepliaklqana.
There is an iron altar of Okawaru here.
Found a blossoming altar of Fedhas and a sparkling altar of Nemelex Xobeh.
Found a broken altar of Ashenzari.
Found an ornate altar of the Wu Jian Council.
Found a shimmering blue altar of Sif Muna.
There is a sparkling altar of Nemelex Xobeh here.
There is a shimmering blue altar of Sif Muna here.
Found a snail-covered altar of Cheibriados.
Done exploring.
Done exploring.
There is a blossoming altar of Fedhas here.
There is a sparkling altar of Nemelex Xobeh here.
There is a shimmering blue altar of Sif Muna here.
Are you sure you want to abandon this character and quit the game? (Confirm with "yes".)

###############
#####.............#####
####..........⌠..........###
###...........................
###.............##.##...........
##...............#...#...........
#...⌠...........@.._.............
...........##.##.#...#.##.##.....
...........#...#.##.##.#...#.....
............._..........._.......
.....##.##.#...#.##.##.#...#.##.#
.....#...#.##.##.#...#.##.##.#...
......._..........._..........._.
#.##.#...#.##.##.#...#.##.##.#...
...#.##.##.#...#.##.##.#...#.##.#


There were no monsters in sight!

Vanquished Creatures
  Pikel (D:4)
  A black bear (D:4)
  3 phantoms (D:4)
  3 vampire bats (D:4)
  6 adders
  An ufetubus (D:4)
  A worm (D:2)
  2 dart slugs
  13 orcs
  10 ball pythons
  6 bats
  2 bat skeletons (D:4)
  2 bat zombies (D:4)
  6 endoplasms
  A giant cockroach (D:1)
  8 goblins
  5 hobgoblins
  6 jackals (D:2)
  5 kobolds
  2 quokkas
  2 frilled lizards (D:1)
  5 rats
91 creatures vanquished.

Notes
Turn   | Place    | Note
-------+----------+-------------------------------------------
     0 | D:1      | RascalDebosk the Djinni Berserker began the quest for the
                  | Orb.
     0 | D:1      | Reached XP level 1. HP: 20/20 MP: 0/0
   279 | D:1      | Reached XP level 2. HP: 19/25 MP: 0/0
   686 | D:1      | Reached XP level 3. HP: 21/30 MP: 0/0
   686 | D:1      | Learned a level 1 spell: Freeze
  1002 | D:1      | Found Qowk's Book Boutique.
  1300 | D:2      | Reached skill level 1 in Throwing
  1574 | D:2      | Reached XP level 4. HP: 35/35 MP: 0/0
  1588 | D:2      | Reached ** piety under Trog
  1636 | D:2      | Found a faded altar of an unknown god.
  3075 | D:3      | Reached XP level 5. HP: 41/41 MP: 0/0
  3075 | D:3      | Learned a level 2 spell: Poisonous Vapours
  3408 | D:4      | Reached XP level 6. HP: 35/47 MP: 0/0
  3783 | D:4      | Noticed Pikel
  3794 | D:4      | Killed Pikel
  3795 | D:4      | Reached skill level 5 in Fighting
  3795 | D:4      | Reached XP level 7. HP: 49/54 MP: 0/0
  3795 | D:4      | Learned a level 3 spell: Swiftness
  3795 | D:4      | Reached XP level 8. HP: 54/59 MP: 0/0
  3958 | D:4      | Found a staircase to the Ecumenical Temple.
  4101 | D:4      | Reached skill level 5 in Long Blades
  4101 | D:4      | Reached skill level 5 in Armour
  4258 | Temple   | Entered the Ecumenical Temple
  4408 | Temple   | Quit the game

Illustrated notes

Levels and vault maps discovered:
D:1:      dpeg_arrival_water_fire, layout_basic, serial_shops,
          nicolae_lakefront_shop, minmay_small_reverse_x
D:2:      layout_loops_ring, basic_ecumenical_altar
D:3:      layout_basic
D:4:      layout_cave_pools, kennysheep_vampire_church,
          minmay_temple_entry_grid, minmay_box_of_dots, uniq_pikel
Temple:   nicolae_temple_elliptical

Skill      XL: |  1  2  3  4  5  6  7  8 |
---------------+-------------------------+-----
Long Blades    | 3 4 5 |  5.0
Throwing       | 1 3 |  3.6
Armour         | 3 4 5 |  5.0
Fighting       | 4 5 |  5.5
Dodging        | |  2.1

Action                   |  1- 3 |  4- 6 |  7- 9 || total
-------------------------+-------+-------+-------++-------
Melee: Falchion          |   108 |   113 |       ||   221
       Punch             |       |     1 |       ||     1
       Long sword        |       |    44 |    51 ||    95
Throw: Dart              |       |     2 |       ||     2
Invok: Berserk           |     3 |     4 |     2 ||     9
  Use: Scroll            |       |     5 |       ||     5
Armor: Animal skin       |    15 |       |       ||    15
       Ring mail         |    37 |    26 |       ||    63
       Chain mail        |       |   165 |    29 ||   194
Dodge: Dodged            |   104 |   122 |    17 ||   243
Block: Buckler           |       |   103 |    21 ||   124
       Reflection        |       |       |     1 ||     1
